 Dungeon Crawl Stone Soup version 0.20.1-1-g8b1a95d (webtiles) character file.

449 Linguinho the Digger (level 6, -1/46 HPs)
             Began as a Draconian Earth Elementalist on Oct 31, 2017.
             Killed from afar by an orc wizard (6 damage)
             ... with a puff of flame
             ... on level 4 of the Dungeon.
             The game lasted 00:09:25 (2704 turns).

Linguinho the Digger (Draconian Earth Elementalist) Turns: 2704, Time: 00:09:28

Health: -1/46      AC:  8    Str: 10    XL:     6   Next: 74%
Magic:  11/11      EV: 12    Int: 17    God:
Gold:   158        SH:  0    Dex: 12    Spells: 6/12 levels left

rFire    . . .     SeeInvis +   x - +7 quarterstaff (chaos)
rCold    . . .     Gourm    .   (shield currently unavailable)
rNeg     . . .     Faith    .   (armour unavailable)
rPois    .         Spirit   .   (helmet restricted)
rElec    .         Reflect  .   k - +1 cloak
rCorr    .         Harm     .   (no gloves)
MR       .....     Rnd*Tele +   (no boots)
Stlth    ++........             (no amulet)
Regen    0.2/turn               l - ring of teleportation (curse)
MPRegen  0.2/turn               n - ring of see invisible

@: no status effects
A: unfitting armour, cold-blooded, AC +6
a: no special abilities


You were on level 4 of the Dungeon.
You were not hungry.

You visited 1 branch of the dungeon, and saw 4 of its levels.

You collected 158 gold pieces.

Inventory:

Hand Weapons
 x - a +7 quarterstaff of chaos (weapon)
Missiles
 b - 62 stones (quivered)
Armour
 k - a +1 cloak (worn)
Jewellery
 l - a cursed ring of teleportation (left hand)
 n - a ring of see invisible (right hand)
Wands
 t - a wand of scattershot (8/9)
Scrolls
 q - a scroll of immolation {unknown}
 u - a scroll of teleportation
 v - a scroll of blinking {unknown}
 z - a scroll of fear {unknown}
Potions
 a - 3 potions of lignification
 f - a potion of brilliance
 h - a potion of agility
 i - 2 potions of might {unknown}
 m - 2 potions of flight
 p - a potion of curing {unknown}
Books
 d - a book of Geomancy

   Spells                             Type                      Level
   a - Sandblast                      Earth                        1
   b - Passwall                       Transmutation/Earth          2
   c - Stone Arrow                    Conjuration/Earth            3
   d - Petrify                        Transmutation/Earth          4
   e - Lee's Rapid Deconstruction     Earth                        5
Comestibles
 c - 2 bread rations
 s - a meat ration
 A - a chunk of flesh


   Skills:
 + Level 0.7 Fighting
   Level 2.4(2.5) Polearms
 + Level 0.6(1.6) Staves
 - Level 2.1 Dodging
 - Level 2.1 Stealth
 + Level 3.9 Spellcasting
 + Level 1.0 Transmutations
 * Level 5.5 Earth Magic


You had 6 spell levels left.
You knew the following spells:

 Your Spells              Type           Power        Failure   Level  Hunger
a - Sandblast             Erth           ###...       1%          1    None
b - Passwall              Tmut/Erth      ##........   6%          2    ##.....
c - Stone Arrow           Conj/Erth      ##....       16%         3    ###....


Dungeon Overview and Level Annotations

Branches:
Dungeon (4/15)
 Temple: D:4-7

Altars:
Fedhas


Innate Abilities, Weirdness & Mutations

Your plain brown scales are hard. (AC +6)
You cannot fit into any form of body armour.
You are cold-blooded and may be slowed by cold attacks.


Message History

The orc wizard gestures at you while chanting.
The magic dart hits you! The orc warrior barely misses you.
The orc closely misses you.
You hit the orc wizard. You burn the orc wizard.
The orc wizard is severely wounded.
The orc warrior hits you from afar with a halberd.
The orc wizard barely misses you.
You closely miss the orc wizard.
The orc wizard is severely wounded.
The orc warrior closely misses you.
The orc priest mumbles some strange prayers to Beogh against you.
Beogh smites you!
* * * LOW HITPOINT WARNING * * *
The orc hits you with a short sword.
* * * LOW HITPOINT WARNING * * *
The orc hits you with a club.
* * * LOW HITPOINT WARNING * * *
The orc wizard gestures at you while chanting.
The puff of flame hits you!
You die...

#..## #)##########
.....##..........#
#....#.#.#....## #
#.##.....#...... ###.
#.##..........## ..$##
#.##...).####.#
#.##..o##..#.#.#......#
#.$.ooo#.....†..######
#.#.#8@#.####.......#
#...((oo..# ......##.#
#..###..#.#.##..#.# .
##.#.# #....# ###..
##.#.# #... #.... .....
.. .. ######


You could see an orc warrior, an orc priest, an orc wizard and 3 orcs.

Vanquished Creatures
  A scorpion (D:4)
  A hound (D:3)
  Crazy Yiuf (D:3)
  An orc priest (D:4)
  An orc wizard (D:4)
  2 bullfrog skeletons (D:4)
  Jessica (D:3)
  An iguana (D:4)
  A worker ant (D:4)
  A worker ant zombie (D:4)
  4 gnolls
  4 adders
  An ooze (D:3)
  A worm (D:2)
  A dart slug (D:3)
  3 leopard geckos
  3 orcs
  7 bats
  A giant cockroach (D:3)
  4 goblins
  4 hobgoblins
  5 jackals
  2 ball pythons
  3 frilled lizards (D:1)
  9 kobolds
  5 rats
68 creatures vanquished.

Notes
Turn   | Place    | Note
-------+----------+-------------------------------------------
     0 | D:1      | Linguinho the Draconian Earth Elementalist began the quest for the Orb.
     0 | D:1      | Reached XP level 1. HP: 14/14 MP: 3/3
    95 | D:1      | Reached XP level 2. HP: 20/20 MP: 0/5
   381 | D:1      | Reached XP level 3. HP: 26/26 MP: 4/6
   951 | D:2      | Found a blossoming altar of Fedhas.
  1051 | D:2      | Reached XP level 4. HP: 33/33 MP: 4/7
  1326 | D:2      | Learned a level 2 spell: Passwall
  1330 | D:2      | Learned a level 3 spell: Stone Arrow
  1348 | D:3      | Noticed Jessica
  1351 | D:3      | Reached skill level 1 in Polearms
  1369 | D:3      | Reached skill level 4 in Earth Magic
  1577 | D:3      | Killed Jessica
  1577 | D:3      | Reached XP level 5. HP: 38/38 MP: 5/9
  1840 | D:3      | Found a runed door.
  1938 | D:3      | Noticed Crazy Yiuf
  1945 | D:3      | Killed Crazy Yiuf
  2291 | D:4      | Reached skill level 5 in Earth Magic
  2364 | D:4      | Reached XP level 6. HP: 46/46 MP: 10/10
  2693 | D:4      | Noticed an orc warrior
  2704 | D:4      | Killed from afar by an orc wizard

Skill      XL: |  1  2  3  4  5 |
---------------+----------------+-----
Stealth        | 2 |  2.1
Dodging        | 2 |  2.1
Polearms       | 1 2 |  2.4
Earth Magic    | 4 5 |  5.5
Spellcasting   | 3 |  3.9
Fighting       | |  0.7
Staves         | |  0.6
Transmutations | |  1.0

Action                   |  1- 3 |  4- 6 || total
-------------------------+-------+-------++-------
Melee: Unarmed           |    21 |       ||    21
       Tailslap          |     1 |    13 ||    14
       Spear             |    27 |    47 ||    74
       Quarterstaff      |       |    32 ||    32
 Cast: Sandblast         |    37 |    37 ||    74
  Use: Scroll            |       |    11 ||    11
       Potion            |       |     1 ||     1
 Stab: Sleeping          |     2 |     2 ||     4
  Eat: Chunk             |       |     6 ||     6
Armor: Skin              |    23 |    30 ||    53
Dodge: Dodged            |    29 |    61 ||    90
